AoeStats
← iamlegolas312

Nomad

510822764Analyzed
4v4 RM · 15h ago on Oct 2, 2026· 45m 57s· 8 players
Game mode
Random Map
Map size
231×231
Population
200
Speed
Normal
Resources
Standard
Victory
Conquest
Starting age
Dark Age
Ending age
Imperial Age
RankedLock teamsTeams togetherTeam positionsShared explorationLock speedFull tech treeHidden civsTurbo modeCheats
Victory
Defeat
🇲🇽 Wei · Mexico
971
+15
🇨🇳 Britons · China
946
+22
🇧🇷 Danes · Brazil
919
+17
🇮🇳 Italians · India
899
+18
🇦🇷 Goths · Argentina
994
-20
🇬🇧 Spanish · United Kingdom
987
-18
🇩🇪 Mongols · Germany
891
-14
🇩🇪 Celts · Germany
882
-14
marcobecerrap
9:23 Loom
14:18 Feudal Age
15:30 Double-Bit Axe
16:15 Town Watch
18:48 Forging
18:28 Fletching
21:55 Wheelbarrow
22:32 Padded Archer Armor
28:04 Castle Age
29:03 Bodkin Arrow
42:22 Thumb Ring
44:50 Leather Archer Armor
45:11 Iron Casting
46:24 Ballistics
46:29 Scale Barding Armor
梦の白鹿
4:39 Loom
14:06 Feudal Age
22:52 Fletching
23:52 Horse Collar
28:50 Castle Age
29:46 Fishing Lines
29:52 Man-at-Arms
32:09 Gold Mining
32:10 Stone Mining
31:51 Crossbowman
35:55 Wheelbarrow
37:08 Long Swordsman
37:34 Gambesons
38:15 Masonry
38:39 Double-Bit Axe
39:08 Gillnets
39:38 Bodkin Arrow
41:34 Gold Shaft Mining
40:49 Stone Mining
45:38 Padded Archer Armor
iamlegolas312
3:01 Loom
14:59 Feudal Age
15:44 Double-Bit Axe
15:40 Fishing Lines
17:06 Gold Mining
21:38 Castle Age
19:37 Fletching
19:48 Padded Archer Armor
20:13 Town Watch
21:02 Bloodlines
21:04 Forging
20:52 Stone Mining
24:27 Wheelbarrow
24:03 Gillnets
24:25 Medium Warships
24:19 Bodkin Arrow
24:39 Leather Archer Armor
24:44 Bow Saw
25:05 Pikeman
28:31 Hand Cart
28:49 Horse Collar
31:22 Arson
31:39 Squires
32:17 Iron Casting
32:49 Heavy Plow
33:02 Careening
34:21 Fervor
35:08 Thumb Ring
35:15 Murder Holes
38:47 Imperial Age
39:55 Conscription
40:38 Chemistry
39:19 Treadmill Crane
40:01 Ballistics
39:52 Masonry
41:21 Conscription
43:11 Crop Rotation
43:47 Two-Man Saw
45:58 Pirotechnia
[LQE]Sun Tzu
3:29 Loom
16:01 Feudal Age
16:47 Fishing Lines
22:17 Castle Age
20:28 Double-Bit Axe
20:42 Gold Mining
34:35 Forging
34:26 Scale Mail Armor
35:49 Hamask
38:03 Squires
39:29 Gillnets
41:01 Wheelbarrow
43:41 Iron Casting
43:21 Chain Mail Armor
Doofy69
5:07 Loom
16:20 Feudal Age
21:12 Fletching
39:22 Castle Age
38:14 Wheelbarrow
38:46 Horse Collar
38:52 Double-Bit Axe
43:27 Bow Saw
43:18 Heavy Plow
Rhinophonia
14:51 Feudal Age
21:33 Castle Age
20:45 Scale Mail Armor
20:53 Scale Barding Armor
20:59 Forging
21:49 Double-Bit Axe
21:57 Stone Mining
21:57 Gold Mining
24:45 Wheelbarrow
23:56 Town Watch
23:56 Loom
25:15 Light Cavalry
26:36 Hand Cart
28:29 Bloodlines
30:15 Horse Collar
31:47 Bow Saw
31:40 Heavy Plow
33:46 Stone Shaft Mining
33:46 Gold Shaft Mining
41:11 Imperial Age
41:45 Town Patrol
42:20 Ballistics
42:10 Masonry
41:56 Murder Holes
43:01 Conscription
43:17 Hoardings
42:51 Siege Engineers
44:32 Chemistry
44:16 Drill
44:00 Husbandry
44:38 Iron Casting
44:24 Chain Barding Armor
44:07 Padded Archer Armor
43:57 Fletching
44:16 Hussar
Udinos
15:43 Feudal Age
20:02 Castle Age
18:21 Double-Bit Axe
18:27 Fishing Lines
19:42 Wheelbarrow
19:13 Man-at-Arms
23:12 Bow Saw
23:31 Long Swordsman
25:15 Gold Mining
26:04 Fletching
27:47 Horse Collar
29:07 Hand Cart
29:28 Stronghold
31:11 Forging
31:51 Pikeman
32:45 Gambesons
32:45 Arson
34:37 Gold Shaft Mining
33:53 Stone Mining
35:15 Scale Mail Armor
37:36 Iron Casting
37:17 Chain Mail Armor
40:37 Imperial Age
37:54 Town Watch
39:33 Murder Holes
39:49 Fortified Wall
39:52 Masonry
40:06 Heavy Plow
41:05 Bodkin Arrow
40:42 Two-Handed Swordsman
40:42 Halberdier
41:51 Conscription
41:04 Capped Ram
42:30 Plate Mail Armor
42:50 Champion
44:27 Siege Ram
Я невероятный
13:37 Feudal Age
15:29 Loom
18:35 Castle Age
19:29 Double-Bit Axe
19:30 Horse Collar
21:57 Bow Saw
22:47 Wheelbarrow
23:11 Squires
24:32 Hand Cart
30:39 Anarchy
30:57 Forging
30:47 Scale Mail Armor
36:23 Forging
Connection lost

Rejoining the realm…

Still unreachable

The connection could not be restored.

Session expired

The server has moved on; the page needs a fresh start.